 Dungeon Crawl Stone Soup version 0.25-a0-566-g062765be81 (webtiles) character file.

Game seed: 18211106300781675175, levelgen mode: deterministic

14158 kae the Covert (level 11, -1/54 HPs)
             Began as a Vampire Enchanter on Feb 28, 2020.
             Was an Elder of Dithmenos.
             Slain by a komodo dragon (6 damage)
             ... on level 1 of the Lair of Beasts.
             The game lasted 00:18:20 (11417 turns).

kae the Covert (Vampire Enchanter)                 Turns: 11417, Time: 00:18:20

Health: -1/54      AC:  7    Str:  7    XL:     11   Next: 85%
Magic:  18/23      EV: 13    Int: 28    God:    Dithmenos [****..]
Gold:   452        SH:  0    Dex: 14    Spells: 14/26 levels left

rFire    + . .     SeeInvis +   a - +2 dagger (venom)
rCold    + + .     Gourm    .   (no shield)
rNeg     + + +     Faith    .   F - +2 robe {rF+}
rPois    ∞         Spirit   .   (no helmet)
rElec    .         Reflect  .   e - +0 cloak
rCorr    .         Harm     .   r - +1 pair of gloves
MR       +....                  (no boots)
Stlth    ++++++++++             w - amulet of regeneration
HPRegen  0.00/turn              c - +1 ring of evasion
MPRegen  0.18/turn              u - +6 ring of intelligence

@: bloodless, wreathed by umbra
A: no food, fangs 3, see invisible, unbreathing
a: Bat Form, Revivify, Shadow Step, Renounce Religion


You were on level 1 of the Lair of Beasts.
You worshipped Dithmenos.
Dithmenos was greatly pleased with you.
You were bloodless.

You visited 3 branches of the dungeon, and saw 13 of its levels.

You collected 738 gold pieces.
You spent 286 gold pieces at shops.

Inventory:

Hand Weapons
 a - a +2 dagger of venom (weapon)
Armour
 b - a +0 robe
 e - a +0 cloak (worn)
 r - a +1 pair of gloves (worn)
 F - a +2 robe of fire resistance (worn)
Jewellery
 c - a +1 ring of evasion (left hand)
 s - an uncursed ring of protection from fire
 t - an uncursed ring of fire
 u - a +6 ring of intelligence (right hand)
 w - an amulet of regeneration (around neck)
 D - an uncursed ring of protection from fire
Wands
 p - a wand of polymorph (29)
 x - a wand of random effects (12)
 y - a wand of paralysis (16)
 A - a wand of digging (9)
 E - a wand of flame (28)
 G - a wand of disintegration (12)
Scrolls
 g - 3 scrolls of teleportation
 m - 3 scrolls of remove curse
 H - a scroll of enchant weapon
Potions
 d - 6 potions of flight
 f - 2 potions of invisibility
 h - 3 potions of haste
 i - a potion of resistance
 j - a potion of stabbing
 l - 2 potions of brilliance {unknown}
 n - 3 potions of cancellation
 o - 2 potions of heal wounds
 q - 2 potions of experience {unknown}
 z - 2 potions of might {unknown}
 B - a potion of lignification {unknown}
 C - 2 potions of curing


   Skills:
 * Level 13.0 Short Blades
 - Level 2.1 Dodging
 + Level 13.5 Stealth
 + Level 8.2 Spellcasting
 + Level 12.7 Hexes


You had 14 spell levels left.
You knew the following spells:

 Your Spells              Type           Power        Failure   Level  Hunger
a - Corona                Hex            ######.      1%          1    N/A
b - Ensorcelled Hibernat  Hex/Ice        #####.       1%          2    N/A
c - Confusing Touch       Hex            ######..     1%          3    N/A
d - Tukima's Dance        Hex            ######..     1%          3    N/A
e - Dazzling Flash        Conj/Hex       #####.       1%          3    N/A

Your spell library contained the following spells:

 Spells                   Type           Power        Failure   Level  Hunger
 Summon Butterflies       Summ           ##......     4%          1    N/A
 Poisonous Vapours        Pois/Air       ##....       8%          2    N/A
 Summon Mana Viper        Hex/Summ       #####...     10%         5    N/A
 Call Canine Familiar     Summ           ##......     14%         3    N/A
 Conjure Flame            Conj/Fire      ##......     14%         3    N/A
 Mephitic Cloud           Conj/Pois/Air  ##......     14%         3    N/A
 Summon Ice Beast         Ice/Summ       ##......     43%         4    N/A
 Irradiate                Conj/Tmut      ##........   80%         5    N/A
 Freezing Cloud           Conj/Ice/Air   ##........   100%        6    N/A
 Hydra Form               Tmut           ##........   100%        6    N/A
 Statue Form              Tmut/Erth      ##.......    100%        6    N/A
 Dragon Form              Tmut           ##........   100%        7    N/A
 Ring of Flames           Chrm/Fire      ##........   100%        7    N/A
 Summon Hydra             Summ           ##........   100%        7    N/A

Dungeon Overview and Level Annotations

Branches:
Dungeon (11/15)            Temple (1/1) D:5            Lair (1/6) D:9
    Orc: D:9-12

Altars:
Ashenzari
Cheibriados
Dithmenos
Elyvilon
Fedhas
Gozag
Hepliaklqana
Kikubaaqudgha
Makhleb
Nemelex Xobeh
Okawaru
Qazlal
Ru
Sif Muna
Trog
Uskayaw
Vehumet
Wu Jian
Xom
Yredelemnul
Zin
The Shining One
Beogh

Shops:
D:7 ?


Innate Abilities, Weirdness & Mutations

You do not eat.
You do not regenerate when monsters are visible.
You are frail without blood (-20% HP).
You can heal yourself when you bite living creatures.
You are immune to poison.
You have razor-sharp teeth.
You have supernaturally acute eyesight. (SInv)
You can survive without breathing.


Message History

The komodo dragon looks as sick as possible!
The komodo dragon is moderately wounded.
Okay, then.
You feel much better. The komodo dragon barely misses you.
Casting: Ensorcelled Hibernation (safe; 1% risk of failure)
Confirm with . or Enter, or press ? or * to list all spells.
Aiming: Ensorcelled Hibernation (safe; 1% risk of failure)
Press: ? - help, Shift-Dir - straight line, f/p - komodo dragon
Aim: a komodo dragon (black smoke, severely wounded, extremely poisoned, umbra, chance to defeat MR: 53%)
The komodo dragon resists with some effort.
The komodo dragon bites you!!
* * * LOW HITPOINT WARNING * * *
Casting: Ensorcelled Hibernation (safe; 1% risk of failure)
Confirm with . or Enter, or press ? or * to list all spells.
Aiming: Ensorcelled Hibernation (safe; 1% risk of failure)
Press: ? - help, Shift-Dir - straight line, f/p - komodo dragon
Aim: a komodo dragon (black smoke, severely wounded, extremely poisoned, umbra, chance to defeat MR: 53%)
The komodo dragon resists with some effort.
The komodo dragon bites you.
You die...

P.. #.. #...# #.# #...##
#.# #....# #.## #....# #..
#..... #§# ### #.....
######§###.#########.....
......§§l@................
.....###§#................
.... #.§.#..#.#..##+.#....
... #...............P....
.. ..##.#...#........P....
. .........#.............
########...............
#.#........#....
#........."#....


You could see a komodo dragon.

Vanquished Creatures
  2 hydras (Lair:1)
  A two-headed ogre (D:11)
  3 unseen horrors (D:10)
  Joseph (D:8)
  A centaur zombie (D:10)
  Psyche (D:11)
  5 hippogriffs
  A spriggan (D:8)
  2 wraiths
  16 yaks
  A basilisk (D:10)
  Grum (D:11)
  A hungry ghost (D:10)
  An acid dragon (D:11)
  A water moccasin (D:11)
  2 sky beasts
  2 ice beasts
  3 phantoms
  3 wolves (D:11)
  7 ogres
  6 centaurs
  2 wyvern zombies
  2 gnoll sergeants
  7 bullfrogs
  5 scorpions
  20 killer bees
  3 wights (D:10)
  5 howler monkeys
  6 crimson imps
  2 bullfrog skeletons
  3 hounds
  4 jellies (D:11)
  7 orc priests
  An orc wizard (D:5)
  A centaur skeleton (D:11)
  Natasha (thrice) (D:3)
  3 iguanas
  7 worker ants
  A killer bee zombie (D:9)
  A hound skeleton (D:7)
  A worker ant zombie (D:7)
  7 gnolls
  9 adders
  2 howler monkey skeletons
  2 shadow imps (D:7)
  4 oozes
  3 adder skeletons
  2 worms (D:2)
  3 dart slugs
  3 leopard geckos
  19 orcs
  8 bats
  2 giant cockroaches (D:2)
  2 goblins
  7 hobgoblins
  14 jackals
  3 ball pythons
  2 frilled lizards
  4 kobolds
  A leopard gecko skeleton (D:6)
  2 quokka skeletons
  5 rats
249 creatures vanquished.

Notes
Turn   | Place    | Note
-------+----------+-------------------------------------------
     0 | D:1      | kae the Vampire Enchanter began the quest for the Orb.
     0 | D:1      | Reached XP level 1. HP: 13/13 MP: 3/3
   180 | D:1      | Reached XP level 2. HP: 15/19 MP: 5/5
   195 | D:1      | Learned a level 2 spell: Ensorcelled Hibernation
   842 | D:2      | Reached XP level 3. HP: 24/24 MP: 6/6
   847 | D:2      | Learned a level 3 spell: Confusing Touch
   914 | D:2      | Reached skill level 5 in Stealth
   947 | D:2      | Found a shimmering altar of Xom.
   951 | D:2      | Found a blossoming altar of Fedhas.
   951 | D:2      | Found a shimmering blue altar of Sif Muna.
   955 | D:2      | Found a sparkling altar of Nemelex Xobeh.
   959 | D:2      | Reached skill level 5 in Hexes
  1220 | D:2      | Reached XP level 4. HP: 30/30 MP: 7/7
  1419 | D:2      | Found a glowing golden altar of the Shining One.
  1472 | D:2      | Found a basalt altar of Yredelemnul.
  1474 | D:2      | Noticed a profane servitor
  1649 | D:2      | Noticed an angel
  2042 | D:3      | Noticed Natasha
  2052 | D:3      | Killed Natasha
  2052 | D:3      | Reached XP level 5. HP: 35/35 MP: 6/9
  2104 | D:3      | Found a hazy altar of Hepliaklqana.
  2160 | D:3      | Noticed Natasha
  2164 | D:3      | Killed Natasha
  2245 | D:3      | Found a shimmering altar of Xom.
  2553 | D:4      | Noticed an ogre
  2672 | D:4      | Killed an ogre
  2672 | D:4      | Reached XP level 6. HP: 41/41 MP: 5/10
  2906 | D:3      | Noticed Natasha
  2925 | D:3      | Killed Natasha
  3186 | D:4      | Found an iron altar of Okawaru.
  3187 | D:4      | Found a stormy altar of Qazlal.
  3382 | D:4      | Noticed a hippogriff
  3396 | D:4      | Killed a hippogriff
  3396 | D:4      | Reached skill level 5 in Short Blades
  3396 | D:4      | Reached XP level 7. HP: 35/46 MP: 5/12
  3621 | D:5      | Entered Level 5 of the Dungeon
  3649 | D:5      | Found a staircase to the Ecumenical Temple.
  3692 | Temple   | Entered the Ecumenical Temple
  3933 | Temple   | Became a worshipper of Dithmenos the Shadowed
  4677 | D:5      | Reached XP level 8. HP: 52/52 MP: 14/14
  5499 | D:6      | Reached * piety under Dithmenos
  5909 | D:7      | Found Sohoy's Magic Scroll Shoppe.
  5954 | D:7      | Bought a scroll of identify for 22 gold pieces
  5954 | D:7      | Bought a scroll of identify for 22 gold pieces
  5954 | D:7      | Bought a scroll of identify for 22 gold pieces
  5954 | D:7      | Bought a scroll of brand weapon for 220 gold pieces
  5967 | D:7      | Found a radiant altar of Vehumet.
  6715 | D:8      | Noticed Joseph
  6722 | D:8      | Killed Joseph
  6722 | D:8      | Reached skill level 5 in Spellcasting
  6796 | D:8      | Reached XP level 9. HP: 46/57 MP: 9/16
  7440 | D:8      | Reached skill level 10 in Stealth
  7444 | D:8      | Reached ** piety under Dithmenos
  7752 | D:8      | Found a sparkling altar of Nemelex Xobeh.
  7851 | D:8      | Found a sacrificial altar of Ru.
  7974 | D:8      | Identified a scroll of acquirement
  8060 | D:9      | Reached skill level 10 in Hexes
  8089 | D:9      | Reached skill level 10 in Short Blades
  8268 | D:9      | Reached XP level 10. HP: 63/63 MP: 19/19
  8307 | D:9      | Found a glowing silver altar of Zin.
  8308 | D:9      | Found an opulent altar of Gozag.
  8340 | D:9      | Found a hide-covered altar of Uskayaw.
  8550 | D:9      | Found a staircase to the Lair.
  8705 | D:9      | Found a roughly hewn altar of Beogh.
  8776 | D:10     | Entered Level 10 of the Dungeon
  8979 | D:10     | Found a white marble altar of Elyvilon.
  9059 | D:10     | Noticed an unseen horror
  9060 | D:10     | Noticed an unseen horror
  9080 | D:10     | Killed an unseen horror
  9273 | D:10     | Killed an unseen horror
  9356 | D:10     | Reached *** piety under Dithmenos
  9543 | D:10     | Noticed an unseen horror
  9547 | D:10     | Killed an unseen horror
  9547 | D:10     | Reached XP level 11. HP: 44/54 MP: 18/22
 10125 | D:10     | Learned a level 3 spell: Tukima's Dance
 10129 | D:10     | Learned a level 3 spell: Dazzling Flash
 10219 | D:11     | Noticed Psyche
 10227 | D:11     | Killed Psyche
 10270 | D:11     | Noticed a two-headed ogre
 10276 | D:11     | Killed a two-headed ogre
 10285 | D:11     | Noticed Grum
 10315 | D:11     | Killed Grum
 10434 | D:11     | Reached **** piety under Dithmenos
 11186 | Lair:1   | Entered Level 1 of the Lair of Beasts
 11247 | Lair:1   | Noticed a five-headed hydra
 11259 | Lair:1   | Killed a five-headed hydra
 11359 | Lair:1   | Noticed a five-headed hydra
 11368 | Lair:1   | Killed a five-headed hydra
 11411 | Lair:1   | HP: 1/54 [komodo dragon (24)]
 11417 | Lair:1   | Slain by a komodo dragon

Levels and vault maps discovered:
D:1:      nzn_arrival_settlement, layout_basic
D:2:      layout_loops_cross, grunt_temple_overflow_holy_war,
          grunt_temple_overflow_open
D:3:      layout_rooms, nicolae_overflow_crystal_walls, tgw_xom, uniq_natasha
D:4:      layout_basic, gammafunk_temple_overflow_statue, first_ration
D:5:      layout_basic, minmay_temple_entry_enclosed_plants
D:6:      layout_basic
D:7:      layout_basic, vehumet_crystals, serial_shops, kennysheep_mini
D:8:      layout_cave_pods, basic_altar, the_bakery, st_stairs_9,
          nemelex_diamond_rough_becter, uniq_joseph
D:9:      layout_big_octagon, grunt_temple_overflow_gold_and_silver,
          old_standard_altar, lair_entry_dummy, david_defended_altar_orc
D:10:     layout_cave_pods, elyvilon_altar_4
D:11:     layout_irregular_city, nicolae_sextant, uniq_grum, uniq_psyche
Temple:   jpeg_temple_island
Lair:1:   layout_chaotic_city, ebering_ghost_funeral_grove

Skill      XL: |  1  2  3  4  5  6  7  8  9 10 11 |
---------------+----------------------------------+-----
Short Blades   | 2 3 4 5 6 8 10 11 13 | 13.0
Stealth        | 5 6 7 9 10 12 13 | 13.5
Hexes          | 5 6 7 8 10 11 12 | 12.7
Spellcasting   | 3 4 5 6 7 8 |  8.2
Dodging        | |  2.1

Action                   |  1- 3 |  4- 6 |  7- 9 | 10-12 || total
-------------------------+-------+-------+-------+-------++-------
Melee: Dagger            |   145 |   140 |   361 |   290 ||   936
       Bite              |     8 |    11 |    20 |    21 ||    60
 Cast: Corona            |    10 |     2 |       |     2 ||    14
       Ensorcelled Hiber |     1 |    28 |    69 |    63 ||   161
       Confusing Touch   |       |       |     4 |     8 ||    12
 Abil: Exsanguinate      |       |       |       |     1 ||     1
Evoke: Wand              |       |       |       |     1 ||     1
  Use: Scroll            |     7 |     2 |    14 |     3 ||    26
       Potion            |       |     1 |       |     1 ||     2
 Stab: Sleeping          |    10 |    19 |    53 |    71 ||   153
       Distracted        |     1 |       |     1 |     2 ||     4
       Confused          |       |       |     6 |     9 ||    15
Armor: Robe              |    17 |    15 |    39 |    31 ||   102
Dodge: Dodged            |    98 |    90 |   223 |   138 ||   549

Table legend:
 A = Non-vault XP
 B = Vault XP
 C = Vault XP percentage of total XP
 D = Non-vault monster count
 E = Vault monster count
 F = Vault count percentage of total count
                 A         B        C        D         E       F
            +---------+---------+-------+---------+---------+-------
      Total |   18293 |    1933 |   9.6 |     237 |      12 |   4.8
            +---------+---------+-------+---------+---------+-------
        D:1 |      33 |       0 |   0.0 |      18 |       0 |   0.0
        D:2 |     132 |       0 |   0.0 |      25 |       0 |   0.0
        D:3 |     124 |      36 |  22.5 |      13 |       1 |   7.1
        D:4 |     564 |       0 |   0.0 |      13 |       0 |   0.0
        D:5 |     673 |       0 |   0.0 |      19 |       0 |   0.0
        D:6 |     322 |       0 |   0.0 |      13 |       0 |   0.0
        D:7 |     432 |       0 |   0.0 |      19 |       0 |   0.0
        D:8 |    1184 |     813 |  40.7 |      20 |       3 |  13.0
        D:9 |    2029 |     126 |   5.8 |      19 |       3 |  13.6
       D:10 |    6447 |       0 |   0.0 |      42 |       0 |   0.0
       D:11 |    3876 |     958 |  19.8 |      31 |       5 |  13.9
     Lair:1 |    2477 |       0 |   0.0 |       5 |       0 |   0.0
            +---------+---------+-------+---------+---------+-------
